 Dungeon Crawl Stone Soup version 0.19-a0-465-g1d1674b (webtiles) character file.

192 mistymad the Sneak (level 5, 0/38 HPs)
             Began as a Vampire Enchanter on June 3, 2016.
             Killed from afar by an orc wizard (7 damage)
             ... with a magic dart
             ... on level 4 of the Dungeon.
             The game lasted 00:10:24 (4580 turns).

mistymad the Sneak (Vampire Enchanter)              Turns: 4580, Time: 00:10:25

Health: 0/38       AC:  4    Str:  7    XL:     5   Next: 42%
Magic:  2/9        EV: 13    Int: 18    God:
Gold:   187        SH:  0    Dex: 15    Spells: 3 memorised, 3 levels left

rFire  . . .     SeeInvis +     k - +1 dagger (speed)
rCold  . . .     Gourm    .     b - +1 robe
rNeg   + . .     Faith    .     (no shield)
rPois  .         Spirit   .     (no helmet)
rElec  .         Dismiss  .     g - +0 cloak
rCorr  .         Reflect  .     (no gloves)
SustAt .         Harm     .     (no boots)
MR     .....                    (no amulet)
Stlth  +++.......               (no ring)
                                (no ring)

@: not resistant to hostile enchantments, fairly stealthy
A: fangs 3, see invisible, unbreathing
a: Bat Form


You were on level 4 of the Dungeon.
You were not thirsty.

You visited 1 branch of the dungeon, and saw 4 of its levels.

You collected 187 gold pieces.

Inventory:

Hand Weapons
 k - a +1 dagger of speed (weapon)
Armour
 b - a +1 robe (worn)
 g - a +0 cloak (worn)
 l - a +1 scale mail of poison resistance
Scrolls
 f - 5 scrolls of identify {unknown}
 i - 3 scrolls of fear {unknown}
 m - a scroll of fog {unknown}
 n - 2 scrolls of remove curse {unknown}
 o - a scroll of recharging {unknown}
 q - a scroll of teleportation {unknown}
Potions
 a - a potion of brilliance {unknown}
 d - 3 potions of blood
 e - a potion of heal wounds {unknown}
 h - a potion of degeneration {unknown}
 j - a potion of agility {unknown}
 p - 3 potions of curing {unknown}
Books
 c - a book of Maledictions

   Spells                             Type                      Level
   a - Corona                         Hexes                        1
   b - Ensorcelled Hibernation        Hexes/Ice                    2
   c - Confuse                        Hexes                        3
   d - Tukima's Dance                 Hexes                        3
   e - Dazzling Spray                 Conjuration/Hexes            3


   Skills:
 + Level 1.9 Fighting
 + Level 2.5 Short Blades
 + Level 3.1 Dodging
 + Level 5.6 Stealth
 + Level 2.7 Spellcasting
 + Level 5.2 Hexes


You had 3 spell levels left.
You knew the following spells:

 Your Spells              Type           Power        Failure   Level  Hunger
a - Corona                Hex            ###....      1%          1    None
b - Ensorcelled Hibernat  Hex/Ice        ##....       12%         2    ##.....
c - Confuse               Hex            ###.....     10%         3    ###....


Dungeon Overview and Level Annotations

Branches:
Dungeon (4/15)
 Temple: D:4-7

Altars:
Fedhas
Gozag
Kikubaaqudgha
Makhleb
Nemelex Xobeh
Okawaru
Sif Muna
Vehumet
Yredelemnul
Zin

Shops:
D:4 (


Innate Abilities, Weirdness & Mutations

You have razor-sharp teeth.
You have supernaturally acute eyesight. (SInv)
You can survive without breathing.


Message History

You hit the orc but do no damage.
The orc is heavily wounded.
The orc hits you but does no damage.
You hit the orc.
The orc is heavily wounded.
The orc wizard points at you and mumbles some strange words.
The magic dart hits you!
* * * LOW HITPOINT WARNING * * *
You take 5 damage, and have 11/38 hp.
Casting: Confuse
Confirm with . or Enter, or press ? or * to list all spells.
You don't have enough magic to cast that spell.
The giant gecko skeleton bites you but does no damage.
The orc wizard gestures at you while chanting.
The magic dart hits you!
* * * LOW HITPOINT WARNING * * *
You take 4 damage, and have 7/38 hp.
The orc wizard points at you and mumbles some strange words.
The magic dart hits you!
You die...

..........................###.###
#........................##.....#
#........................#.8...8.
..W......................#.......
............................._...
...#.....................#.......
..##......(..............#.8...8.
..#......................##.....#
................@o........###.###
....##......?...Z................
...## #...#...........#..........
.... #....#....)..#............
....####......#...#..............
................#................
................#.)...o..........
###...#.......#...#..............
##...###...#.......#............


You could see an orc wizard, an orc and a giant gecko skeleton.

Vanquished Creatures
  2 iguanas (D:4)
  Ijyb (D:2)
  2 adders
  2 oozes (D:1)
  4 worms
  3 dart slugs
  3 giant geckos
  2 orcs (D:4)
  A bat (D:1)
  A giant cockroach (D:4)
  8 goblins
  8 hobgoblins
  3 jackals (D:2)
  2 quokkas
  2 giant newts
  8 kobolds
  A quokka skeleton (D:4)
  13 rats
66 creatures vanquished.

Notes
Turn   | Place    | Note
--------------------------------------------------------------
     0 | D:1      | mistymad the Vampire Enchanter began the quest for the Orb.
     0 | D:1      | Reached XP level 1. HP: 13/13 MP: 3/3
    50 | D:1      | Reached XP level 2. HP: 15/20 MP: 5/5
   577 | D:1      | Reached skill level 1 in Fighting
   577 | D:1      | Reached XP level 3. HP: 8/26 MP: 4/6
   807 | D:1      | Learned a level 2 spell: Ensorcelled Hibernation
   811 | D:1      | Learned a level 3 spell: Confuse
   972 | D:2      | Noticed Ijyb
   982 | D:2      | Killed Ijyb
   982 | D:2      | Reached skill level 5 in Stealth
  1040 | D:2      | Found a sparkling altar of Nemelex Xobeh.
  1047 | D:2      | Reached XP level 4. HP: 25/32 MP: 7/7
  1241 | D:2      | Reached skill level 5 in Hexes
  1737 | D:3      | Found a glowing silver altar of Zin.
  1759 | D:3      | Found an ancient bone altar of Kikubaaqudgha.
  1761 | D:3      | Found a blossoming altar of Fedhas.
  1940 | D:3      | Found a deep blue altar of Sif Muna.
  1945 | D:3      | Found a basalt altar of Yredelemnul.
  1945 | D:3      | Found a radiant altar of Vehumet.
  2580 | D:3      | Found a faded altar of an unknown god.
  2883 | D:4      | Found an iron altar of Okawaru.
  2883 | D:4      | Noticed a phantom
  2914 | D:4      | HP: 1/32 [phantom (7)]
  3515 | D:4      | Found Tytavu's Antique Weapon Shop.
  3737 | D:4      | Found a burning altar of Makhleb.
  3836 | D:4      | Found an opulent altar of Gozag.
  4110 | D:4      | Reached XP level 5. HP: 23/38 MP: 2/9
  4580 | D:4      | Killed from afar by an orc wizard

Vault maps used:
D:1:      lightli_arrival_noodles, hangedman_feature_mirror, minmay_bisected
D:2:      old_standard_altar, first_bread, uniq_iyjb
D:3:      grunt_temple_overflow_growth_and_decay,
          nicolae_overflow_crystal_walls, grunt_temple_overflow_open,
          ecumenical_altar_1, grunt_decor_clamped, hangedman_decor_points,
          moated_statue, kennysheep_cross_bottleneck, minivault_23
D:4:      okawaru_metal_pillars_1_2, lemuel_crystal_altar, serial_shops,
          kennysheep_mini_moat, minmay_misc_feat_more_columns,
          corexii_checkpoint_a, grunt_gozag_statues

Skill      XL: |  1  2  3  4 |
---------------+-------------+-----
Fighting       | 1 |  1.9
Short Blades   | 2 |  2.5
Stealth        | 5 |  5.6
Hexes          | 5 |  5.2
Dodging        | 3 |  3.1
Spellcasting   | |  2.7

Action                   |  1- 3 |  4- 6 || total
-------------------------+-------+-------++-------
Melee: Dagger            |   107 |   189 ||   296
       Bite              |    10 |    16 ||    26
 Cast: Corona            |     4 |       ||     4
       Confuse           |     1 |    13 ||    14
       Ensorcelled Hiber |       |     8 ||     8
  Use: Potion            |       |     9 ||     9
 Stab: Sleeping          |     2 |    14 ||    16
       Distracted        |     1 |       ||     1
       Confused          |     2 |     6 ||     8
Armor: Robe              |    15 |    16 ||    31
Dodge: Dodged            |    44 |    59 ||   103
